 Dungeon Crawl Stone Soup version 0.29.1-2-gbd0b4ee654 (webtiles) character file.

Game seed: 868998070240002244

1243 Earthwalker the Trooper (level 8, -9/71 HPs)
             Began as a Minotaur Fighter on Oct 23, 2022.
             Was a Follower of Okawaru.
             Killed from afar by an electric eel (13 damage)
             ... with a bolt of electricity
             ... on level 6 of the Dungeon.
             The game lasted 00:08:05 (5237 turns).

Earthwalker the Trooper (Minotaur Fighter)          Turns: 5237, Time: 00:08:07

Health: -9/71      AC:  8    Str: 28    XL:     8   Next: 25%
Magic:  7/7        EV: 15    Int:  5    God:    Okawaru [*.....]
Gold:   302        SH:  5    Dex: 11    Spells: 7/7 levels left

rFire   . . .      SeeInvis .   a - +0 war axe
rCold   . . .      Faith    .   c - +0 buckler
rNeg    . . .      Spirit   .   b - +0 scale mail
rPois   .          Reflect  .   E - +1 hat
rElec   .          Harm     .   (no cloak)
rCorr   .          Rampage  .   (no gloves)
Will    .....                   (no boots)
Stlth   ..........              (no amulet)
HPRegen 0.21/turn               k - +4 ring of evasion
MPRegen 0.10/turn               j - +6 ring of strength

@: no status effects
A: horns 2, retaliatory headbutt
a: Renounce Religion, Heroism


You were on level 6 of the Dungeon.
You worshipped Okawaru.
Okawaru was aware of your devotion.
You visited 2 branches of the dungeon, and saw 7 of its levels.

You collected 362 gold pieces.
You spent 60 gold pieces at shops.

Inventory:

Hand Weapons
 a - a +0 war axe (weapon)
Missiles
 v - 8 poisoned darts (quivered)
Armour
 b - a +0 scale mail (worn)
 c - a +0 buckler (worn)
 E - a +1 hat (worn)
Jewellery
 h - a ring of wizardry
 i - a ring of magical power
 j - a +6 ring of strength (right hand)
 k - a +4 ring of evasion (left hand)
 F - an amulet of guardian spirit
Wands
 x - a wand of roots (10)
 B - a wand of acid (10)
Scrolls
 g - 7 scrolls of identify
 m - a scroll of immolation
 p - 2 scrolls of poison
 q - a scroll of teleportation
 u - a scroll of acquirement
 w - 2 scrolls of vulnerability
 y - 2 scrolls of noise
 C - a scroll of fear {unknown}
 D - a scroll of enchant armour {unknown}
 G - a scroll of blinking {unknown}
Potions
 d - 3 potions of might
 e - 4 potions of degeneration {unknown}
 f - a potion of lignification {unknown}
 l - a potion of flight {unknown}
 n - a potion of ambrosia {unknown}
 o - a potion of haste {unknown}
 r - 2 potions of invisibility {unknown}
 s - 2 potions of heal wounds {unknown}
 t - 2 potions of curing {unknown}
 z - 4 potions of berserk rage {unknown}
 A - 2 potions of brilliance {unknown}


   Skills:
 * Level 6.4 Fighting
 * Level 5.9 Axes
 + Level 2.8 Throwing
 * Level 6.4 Armour
 + Level 3.0 Dodging
 * Level 6.4 Shields


You had 7 spell levels left.
You didn't know any spells.
Your spell library contained the following spells:

 Spells                   Type           Power      Damage    Failure   Level
 Apportation              Tloc           0%         N/A       80%         1
 Necrotise                Necr           0%         1d4       80%         1
 Shock                    Conj/Air       0%         1d3       80%         1
 Conjure Ball Lightning   Conj/Air       0%         3x3d6     100%        6
 Discord                  Hex            0%         N/A       100%        8
 Disjunction              Tloc           0%         N/A       100%        8
 Chain Lightning          Conj/Air       0%         N/A       100%        9
 Fire Storm               Conj/Fire      0%         5d1       100%        9
 Shatter                  Erth           0%         3d5*      100%        9
 Summon Small Mammal      Summ           Unusable   N/A       N/A         1

Dungeon Overview and Level Annotations

Branches:
Dungeon (6/15)             Temple (1/1) D:5

Altars:
Ashenzari
Cheibriados
Dithmenos
Elyvilon
Gozag
Hepliaklqana
Kikubaaqudgha
Makhleb
Okawaru
Ru
Trog
Vehumet
Wu Jian
Zin

Shops:
D:3 [   D:6 ?

Annotations:
D:3 1 runed translucent door, itabs500's ghost, amateur SpEE


Innate Abilities, Weirdness & Mutations

You have a pair of horns on your head.
You reflexively headbutt those who attack you in melee.


Message History

g - 13 scrolls of identify (gained 1) Thank you for shopping at Binwitoe's Magic Scroll Shop!
As you read the scroll of identify, it crumbles to dust.
m - a scroll of immolation
As you read the scroll of identify, it crumbles to dust.
p - 2 scrolls of poison
As you read the scroll of identify, it crumbles to dust.
q - a scroll of teleportation
As you read the scroll of identify, it crumbles to dust.
u - a scroll of acquirement
As you read the scroll of identify, it crumbles to dust.
w - 2 scrolls of vulnerability An electric eel comes into view.
As you read the scroll of identify, it crumbles to dust.
y - 2 scrolls of noise The electric eel shoots out a bolt of lightning at you!
The bolt of electricity hits you.
The electric eel shoots out a bolt of lightning at you!
The bolt of electricity hits you!
An electric eel comes into view.
The electric eel shoots out a bolt of lightning at you!
The bolt of electricity hits you!
You slash the electric eel!
The electric eel is heavily wounded.
The electric eel shoots out a bolt of lightning at you!
The bolt of electricity hits you!
You hit the electric eel.
The electric eel is severely wounded.
The electric eel shoots out a bolt of lightning at you!
The bolt of electricity hits the electric eel.
The electric eel completely resists.
The bolt of electricity hits you! x2
* * * LOW HITPOINT WARNING * * *
You miss the electric eel. Your headbutt misses the electric eel.
The electric eel is severely wounded.
The electric eel shoots out a bolt of lightning at you!
The bolt of electricity hits you!
* * * LOW HITPOINT WARNING * * *
The electric eel shoots out a bolt of lightning at you!
The bolt of electricity hits you!
You die...

#.#.. #.#.# #..##..
######.#.###..#...
#####..........#..#.#.
......................
#....#.......... ##
#....#.#...##.#.
+..~####..∩.#.#...##.#.
#~~~.@.........†......
#~~~SS#####.#.#...##.#.
..♣~~P~ #.#.....#....
..P~~~♣ #.#.##..##.#.
..~~~P #.......##.#.
..P~~~ ###.##.###.#.
..~~≈ #.##.# #... ...~~
#.##.###### #.##.......


You could see 2 electric eels.

Vanquished Creatures
  A water moccasin (D:5)
  An ogre (D:4)
  A phantom (D:5)
  A bullfrog (D:6)
  A necrophage (D:5)
  5 scorpions
  2 electric eels (D:6)
  A howler monkey (D:5)
  4 hounds (D:5)
  3 orc priests
  2 iguanas (D:5)
  An orc wizard (D:5)
  Terence (D:3)
  6 adders
  2 ufetubi
  3 worms
  2 dart slugs (D:2)
  5 orcs
  An endoplasm (D:2)
  2 giant cockroaches
  5 goblins
  9 hobgoblins
  2 jackals (D:2)
  6 quokkas
  8 ball pythons
  7 bats
  A frilled lizard (D:2)
  2 kobolds
  4 rats
89 creatures vanquished.

Vanquished Creatures (others)
  12 plants
12 creatures vanquished.

Grand Total: 101 creatures vanquished

Notes
Turn   | Place    | Note
-------+----------+-------------------------------------------
     0 | D:1      | Earthwalker the Minotaur Fighter began the quest for the
                  | Orb.
     0 | D:1      | Reached XP level 1. HP: 19/19 MP: 0/0
   163 | D:1      | Reached XP level 2. HP: 27/27 MP: 1/1
   913 | D:2      | Reached XP level 3. HP: 32/33 MP: 2/2
  1119 | D:2      | Found a faded altar of an unknown god.
  1129 | D:2      | Got Plato's Opusculum on Lightning
  1309 | D:3      | Reached skill level 1 in Dodging
  1309 | D:3      | Reached XP level 4. HP: 40/40 MP: 3/3
  1312 | D:3      | Noticed Terence
  1320 | D:3      | Killed Terence
  1321 | D:3      | Reached skill level 1 in Throwing
  1556 | D:3      | Found a runed translucent door.
  1666 | D:3      | Found Qebuw's Armour Boutique.
  1980 | D:3      | Noticed itabs500's ghost (amateur SpEE)
  2040 | D:4      | Found a hazy altar of Hepliaklqana.
  2137 | D:4      | Noticed an ogre
  2144 | D:4      | Killed an ogre
  2145 | D:4      | Reached XP level 5. HP: 24/47 MP: 4/4
  2499 | D:4      | Reached XP level 6. HP: 55/55 MP: 5/5
  2621 | D:4      | Reached skill level 5 in Fighting
  2697 | D:4      | Reached skill level 5 in Armour
  2697 | D:4      | Reached skill level 5 in Shields
  2847 | D:4      | Found a snail-covered altar of Cheibriados.
  3253 | D:5      | Entered Level 5 of the Dungeon
  3336 | D:5      | Reached XP level 7. HP: 59/61 MP: 6/6
  3730 | D:5      | Reached skill level 5 in Axes
  3737 | D:5      | Found a staircase to the Ecumenical Temple.
  3745 | Temple   | Entered the Ecumenical Temple
  3779 | Temple   | Became a worshipper of Warmaster Okawaru
  3883 | D:5      | Found an opulent altar of Gozag.
  3967 | D:5      | Found an ornate altar of the Wu Jian Council.
  4334 | D:5      | Reached XP level 8. HP: 67/70 MP: 7/7
  4454 | D:5      | Found a broken altar of Ashenzari.
  5213 | D:6      | Found Binwitoe's Magic Scroll Shop.
  5214 | D:6      | Reached * piety under Okawaru
  5223 | D:6      | Bought a scroll of identify for 20 gold pieces
  5223 | D:6      | Bought a scroll of identify for 20 gold pieces
  5223 | D:6      | Bought a scroll of identify for 20 gold pieces
  5226 | D:6      | Identified a scroll of acquirement
  5237 | D:6      | Killed from afar by an electric eel

Illustrated notes

Levels and vault maps discovered:
D:1:      evilmike_arrival_home_sweet_home, layout_loops_ring,
          hangedman_abyss_or_decor_stabs, minmay_door_square
D:2:      layout_rooms, shapermc_ecumenical_altar_rom_forum,
          kennysheep_generic_room_5
D:3:      layout_basic, serial_shops, shop, ebering_ghost_reflecting_pool,
          uniq_terence
D:4:      minmay_skewed_foursquare, layout_basic, cheibrodos_worm_habitat,
          nzn_hepliaklqana_mist_gate
D:5:      layout_loops_ring, nicolae_overflow_hidden_temple,
          amcnicky_altar_gilded, overflow_temple_1_default,
          minmay_temple_entry_glassed_door
D:6:      layout_basic, serial_shops, shop, serial_bayou, serial_bayou_pond_a,
          serial_bayou_pond_d, serial_bayou_ford_a, serial_bayou_lake_a
Temple:   hellmonk_temple_beads

Skill      XL: |  1  2  3  4  5  6  7  8 |
---------------+-------------------------+-----
Fighting       | 4 5 6 |  6.4
Shields        | 4 5 6 |  6.4
Armour         | 4 5 6 |  6.4
Axes           | 3 4 5 |  5.9
Dodging        | 1 2 3 |  3.0
Throwing       | 1 2 |  2.8

Action                   |  1- 3 |  4- 6 |  7- 9 || total
-------------------------+-------+-------+-------++-------
Melee: War axe           |    73 |    85 |    82 ||   240
       Headbutt          |     7 |    11 |    13 ||    31
  Use: Scroll            |       |       |     6 ||     6
Armor: Scale mail        |    37 |    22 |    13 ||    72
Dodge: Dodged            |    53 |    52 |    47 ||   152
Block: Buckler           |    24 |    12 |    13 ||    49
